 Dungeon Crawl Stone Soup version 0.27-a0-1200-g94dc6ad4cf (webtiles) character file.

Game seed: 1303872601533983437

111691 2tc the Severer (level 16, 0/146 HPs)
             Began as a Hill Orc Monk on May 30, 2021.
             Was the Champion of Makhleb.
             Hit by a javelin thrown by a merfolk javelineer (8 damage)
             ... on level 4 of the Shoals.
             The game lasted 01:57:03 (30323 turns).

2tc the Severer (Hill Orc Monk)                    Turns: 30323, Time: 01:57:03

Health: 0/146      AC: 15    Str: 20    XL:     16   Next: 58%
Magic:  28/28      EV: 25    Int: 15    God:    Makhleb [******]
Gold:   1612       SH: 14    Dex: 28    Spells: 23/23 levels left

rFire    . . .     SeeInvis +   a - +7 broad axe of Voykhlip {vorpal, rC+ SInv Stlth+}
rCold    + . .     Faith    .   T - +2 buckler {rN+}
rNeg     + + +     Spirit   .   g - +2 steam dragon scales
rPois    .         Reflect  +   K - +0 helmet of Keveamaph {Str+2}
rElec    .         Harm     .   r - +1 cloak of the Fife {Dex+7 SInv}
rCorr    .         Rampage  .   e - +2 pair of gloves
Will     +....                  h - +0 pair of boots
Stlth    +++.......             m - amulet of reflection
HPRegen  0.34/turn              P - ring of Kypsis {Int+4 Dex+6}
MPRegen  0.21/turn              G - ring of Enal {Fly rN++ Stlth-}

@: about to teleport, flying, mesmerised, hasted, very quick
A: no striking features
a: Renounce Religion, Minor Destruction, Lesser Servant of Makhleb, Major
Destruction, Greater Servant of Makhleb


You were on level 4 of the Shoals.
You worshipped Makhleb.
Makhleb was exalted by your worship.
You visited 4 branches of the dungeon, and saw 24 of its levels.
You also visited: Sewer, Ossuary and Bailey.

You collected 1612 gold pieces.

Inventory:

Hand Weapons
 a - the +7 broad axe of Voykhlip (weapon) {vorpal, rC+ SInv Stlth+}
   (You acquired it on level 5 of the Lair of Beasts)

   It inflicts extra damage upon your enemies.
   It protects you from cold.
   It lets you see invisible.
   It makes you more stealthy.
 d - a +0 broad axe
 I - a +4 mace
Missiles
 f - 5 silver javelins (quivered)
 l - 5 atropa-tipped darts
 z - a throwing net
 N - 3 curare-tipped darts
Armour
 e - a +2 pair of gloves (worn)
 g - +2 steam dragon scales (worn)
 h - a +0 pair of boots (worn)
 j - a +0 leather armour of cold resistance
 r - the +1 cloak of the Fife (worn) {Dex+7 SInv}
   (You acquired it in an ossuary)

   It affects your dexterity (+7).
   It lets you see invisible.
 K - the +0 helmet of Keveamaph (worn) {Str+2}
   (You found it on level 12 of the Dungeon)

   It affects your strength (+2).
 T - a +2 buckler of positive energy (worn)
Jewellery
 k - a +6 ring of intelligence
 m - an amulet of reflection (around neck)
 B - an amulet of faith
 E - a +6 ring of dexterity
 G - the ring of Enal (right hand) {Fly rN++ Stlth-}
   (You found it in a bailey)

   [ring of flight]

   It greatly protects you from negative energy.
   It grants you flight.
   It makes you less stealthy.
 J - a ring of see invisible
 P - the ring of Kypsis (left hand) {Int+4 Dex+6}
   (You found it on level 10 of the Dungeon)

   [ring of dexterity]

   It affects your intelligence (+4).
   It affects your dexterity (+6).
 R - an amulet of guardian spirit
 S - a ring of protection from cold
Wands
 i - a wand of paralysis (7)
 n - a wand of iceblast (10)
 t - a wand of polymorph (12)
 v - a wand of acid (9)
 M - a wand of mindburst (31)
 X - a wand of flame (12)
 Y - a wand of digging (5)
 Z - a wand of charming (4)
Scrolls
 c - 6 scrolls of teleportation
 o - 10 scrolls of identify
 u - a scroll of fog
 y - 3 scrolls of enchant weapon
 A - 5 scrolls of amnesia
 C - a scroll of silence
 F - 4 scrolls of enchant armour
 L - 2 scrolls of blinking
Potions
 b - 6 potions of brilliance
 p - 4 potions of flight
 q - 8 potions of curing
 s - 4 potions of ambrosia
 w - 6 potions of lignification
 O - a potion of cancellation
 Q - 4 potions of attraction
 U - a potion of haste
Miscellaneous
 x - a phantom mirror
 H - a phial of floods
 W - a tin of tremorstones (2/2)


   Skills:
 - Level 14.0 Fighting
 - Level 18.0 Axes
 - Level 4.0 Armour
 + Level 12.4 Dodging
 - Level 1.5 Stealth
 - Level 4.0 Shields
 - Level 4.0 Spellcasting
 - Level 16.0 Invocations
 - Level 10.0 Evocations


You had 23 spell levels left.
You didn't know any spells.
Your spell library contained the following spells:

 Spells                   Type           Power      Damage    Failure   Level
 Animate Skeleton         Necr           6%         N/A       19%         1
 Magic Dart               Conj           12%        1d3       19%         1
 Pain                     Necr           12%        1d4       19%         1
 Shock                    Conj/Air       12%        1d3       19%         1
 Sting                    Tmut/Pois      12%        1d3       19%         1
 Summon Small Mammal      Summ           12%        N/A       19%         1
 Blink                    Tloc           N/A        N/A       26%         2
 Call Imp                 Summ           3%         N/A       26%         2
 Poisonous Vapours        Pois/Air       6%         N/A       26%         2
 Slow                     Hex            3%         N/A       26%         2
 Static Discharge         Conj/Air       3%         N/A       26%         2
 Sublimation of Blood     Necr           1%         N/A       26%         2
 Call Canine Familiar     Summ           3%         N/A       47%         3
 Conjure Flame            Conj/Fire      3%         6-21      47%         3
 Ignite Poison            Fire/Tmut/Pois 3%         N/A       47%         3
 Mephitic Cloud           Conj/Pois/Air  3%         N/A       47%         3
 Summon Guardian Golem    Hex/Summ       3%         N/A       47%         3
 Swiftness                Air            3%         N/A       47%         3
 Vampiric Draining        Necr           1%         2d6       47%         3
 Airstrike                Air            1%         N/A       87%         4
 Animate Armour           Summ/Erth      6%         N/A       87%         4
 Animate Dead             Necr           1%         N/A       87%         4
 Leda's Liquefaction      Hex/Erth       1%         N/A       87%         4
 Olgreb's Toxic Radiance  Pois           3%         N/A       87%         4
 Petrify                  Tmut/Erth      3%         N/A       87%         4
 Summon Ice Beast         Ice/Summ       3%         N/A       87%         4
 Summon Lightning Spire   Summ/Air       3%         N/A       87%         4
 Agony                    Necr           3%         N/A       99%         5
 Alistair's Intoxication  Tmut/Pois      2%         N/A       99%         5
 Bolt of Magma            Conj/Fire/Erth 1%         4d4       99%         5
 Irradiate                Conj/Tmut      1%         3d14      99%         5
 Iskenderun's Battlesphe  Conj           3%         2d6       99%         5
 Lightning Bolt           Conj/Air       1%         1d12      99%         5
 Silence                  Hex/Air        1%         N/A       99%         5
 Conjure Ball Lightning   Conj/Air       1%         3x3d6     100%        6
 Eringya's Noxious Bog    Tmut/Pois      1%         N/A       100%        6
 Iron Shot                Conj/Erth      1%         9d1       100%        6
 Statue Form              Tmut/Erth      2%         N/A       100%        6
 Orb of Destruction       Conj           1%         N/A       100%        7
 Spellforged Servitor     Conj/Summ      1%         N/A       100%        7
 Shatter                  Erth           1%         3d6*      100%        9
 Tornado                  Air            1%         N/A       100%        9


Dungeon Overview and Level Annotations

Branches:
Dungeon (13/15)            Temple (1/1) D:5            Lair (6/6) D:11
 Shoals (4/4) Lair:3        Snake (0/4) Lair:4        Slime (0/5) Lair:6
    Orc (0/2) D:12          Sewer (visited)         Ossuary (visited)
 Bailey (visited)
 Vaults: D:13-14

Altars:
Ashenzari
Cheibriados
Dithmenos
Elyvilon
Fedhas
Gozag
Hepliaklqana
Kikubaaqudgha
Makhleb
Nemelex Xobeh
Okawaru
Qazlal
Ru
Sif Muna
Trog
Uskayaw
Vehumet
Wu Jian
Xom
Yredelemnul
Zin
The Shining One
Jiyva

Shops:
D:6 [   Shoals:3 :   Shoals:4 =[

Annotations:
D:4 3 runed translucent doors, exclusion: black bear, philipeq's ghost, amateur DsFi
D:8 3 runed translucent doors, Pagrax's ghost, novice MiBe
Lair:6 1 runed translucent door
Shoals:4 Ilsuiw


Message History

A nearby plant withers and dies. x2
The merfolk hits you from afar with a +0 trident!
* * * LOW HITPOINT WARNING * * *
The merfolk hits your green death with a +0 trident.
The merfolk javelineer throws a javelin.
The javelin pierces through you!!
* * * LOW HITPOINT WARNING * * *
Blink to where?
Press: ? - help, Dir - move target
Okay, then.
Unknown command.
Unknown command.
As you read the scroll of teleportation, it crumbles to dust.
You feel strangely unstable. You block the merfolk siren's attack.
The merfolk avatar chants its luring song.
Your green death hits the merfolk!
You block the merfolk's attack.
Ilsuiw casts a spell at herself.
Ilsuiw flickers and vanishes for a moment.
The merfolk javelineer misses you.
The merfolk hits you from afar with a +0 trident.
* * * LOW HITPOINT WARNING * * *
You are confused.
You feel invigorated.
The merfolk javelineer throws a javelin.
The javelin completely misses you.
The merfolk avatar chants its luring song.
The merfolk siren chants a haunting song.
You resist with almost no effort.
You feel better.
You feel less invigorated.
Your green death hits the merfolk!
The merfolk hits your green death with a +0 trident!!
The merfolk javelineer throws a javelin.
The javelin pierces through you!
* * * LOW HITPOINT WARNING * * *
Ilsuiw mumbles some strange words.
The merfolk hits you from afar with a +0 trident!
* * * LOW HITPOINT WARNING * * *
You block the merfolk's attack.
The merfolk javelineer throws a javelin.
The javelin pierces through you!
You die...

≈≈.<≈≈≈≈≈≈..##<≈)≈≈.......#******
≈≈≈≈≈≈≈≈≈≈....≈≈≈≈≈≈....###,,**,,
≈≈≈≈≈≈≈≈≈≈≈≈≈≈≈≈≈≈≈≈≈P..#*,,,≈,,,
≈≈≈≈≈≈≈≈≈≈≈≈≈≈≈§≈≈≈≈≈≈≈≈##,,*,*,≈
≈≈≈≈≈≈≈≈≈≈≈≈≈≈§§§§PP≈≈≈≈≈#*≈,,,≈≈
≈≈≈≈≈≈≈≈≈≈≈≈≈§§§§§P≈≈≈≈≈≈#*,*,*,,
≈≈≈≈≈≈≈≈≈≈≈≈≈§§§§≈≈≈≈P≈≈##,,,≈,,,
≈≈≈≈≈≈≈≈≈≈≈≈§§§§§§m≈≈P≈≈.#,,***,*
≈≈≈≈≈≈≈≈≈≈≈≈≈§§≈@)m≈≈P≈≈..#******
≈≈≈≈≈≈≈≈≈≈≈≈≈§♣≈(≈P2≈≈≈≈..#*,**,≈
≈≈≈≈≈≈≈≈≈≈≈≈≈≈mmm≈m≈≈≈≈.....,,,,,
≈≈≈≈,.≈≈≈≈≈≈≈♣m♣≈≈≈≈≈≈≈.....,,,,,
≈≈≈,*#.≈≈≈≈≈≈E≈§§m.≈≈t≈...,,,,,,,
≈≈,.###≈≈≈≈≈≈E♣§§§§.≈m≈...,,,*,≈*
≈≈,....≈≈≈≈≈≈.§§§.§.≈≈≈...,,,****
≈≈,....≈≈≈≈≈..§§§....≈≈...,**,,*,
≈≈≈≈..≈......§§§§....≈...m,**,,,≈


You could see Ilsuiw (invisible), a merfolk avatar (mesmerising), 3 merfolk
javelineers, a snapping turtle, 3 merfolk, 2 water elementals, a merfolk siren
and a friendly green death (summoned).

Vanquished Creatures
  2 krakens
  Polyphemus (Shoals:3)
  Frances (Shoals:1)
  Donald (Shoals:1)
  Josephine (D:10)
  3 merfolk impalers
  Erolcha (D:10)
  5 hydras
  Erica (D:9)
  An alligator snapping turtle (Shoals:3)
  2 two-headed ogres
  A centaur warrior (D:12)
  A merfolk avatar (Shoals:2)
  A satyr (Shoals:3)
  3 merfolk aquamancers (Shoals:4)
  16 death yaks
  A deep elf knight (D:12)
  7 sea snakes
  16 harpies
  A lindwurm (Lair:5)
  8 manticores
  2 ugly things (D:12)
  5 cyclopes
  12 fauns
  4 elephants (Lair:5)
  5 black mambas
  3 water nymphs
  8 merfolk sirens
  Joseph (D:10)
  2 gargoyles (D:12)
  10 cane toads
  A kobold demonologist (D:9)
  2 rime drakes
  An unseen horror (D:12)
  8 komodo dragons
  A tengu conjurer (D:12)
  5 polar bears
  14 merfolk
  A queen bee (Lair:2)
  7 trolls
  4 wind drakes
  5 hornets (Lair:6)
  2 snapping turtles
  12 blink frogs
  12 slime creatures
  15 dream sheep
  39 yaks
  13 spriggans (Lair:6)
  2 shadows
  3 water elementals
  7 wraiths
  3 wyverns
  4 fire bats (Lair:1)
  7 basilisks
  4 steam dragons
  Menkaure (D:6)
  7 vampire mosquitoes
  3 nagas (Lair:4)
  2 acid dragons (D:12)
  9 water moccasins
  9 orc warriors
  A swamp drake (D:12)
  2 ice beasts (D:7)
  A sky beast (D:5)
  7 black bears
  4 boggarts (Lair:6)
  28 wolves
  An ogre (D:5)
  7 centaurs
  3 kobold brigands
  8 scorpions
  6 bullfrogs
  A gnoll sergeant (D:6)
  A water moccasin zombie (D:5)
  A water moccasin skeleton (D:4)
  31 killer bees
  5 wights
  4 howler monkeys
  An electric eel (Lair:1)
  A bullfrog zombie (D:6)
  5 centaur zombies
  2 human zombies (Ossuary)
  9 hounds
  7 orc priests
  A jelly (D:4)
  A centaur skeleton (D:4)
  2 iguanas (D:5)
  2 scorpion zombies (Ossuary)
  11 orc wizards
  A howler monkey zombie (D:5)
  Robin (D:4)
  4 gnolls
  6 adders
  A river rat (Sewer)
  2 white imps
  An adder skeleton (D:4)
  An adder zombie (D:5)
  2 worms (D:3)
  57 orcs
  4 bats
  3 endoplasms
  3 giant cockroaches
  19 goblins
  7 hobgoblins
  8 jackals
  5 quokkas
  9 ball pythons
  5 frilled lizards
  A goblin zombie (Ossuary)
  3 hobgoblin zombies (Ossuary)
  19 kobolds
  2 kobold zombies (Ossuary)
  11 rats
  5 tentacles
662 creatures vanquished.

Vanquished Creatures (collateral kills)
  A merfolk impaler (Shoals:2)
  2 catoblepae
  A merfolk avatar (Shoals:2)
  2 two-headed ogres (D:10)
  A death yak (Shoals:3)
  An orc knight (Bailey)
  A faun (Shoals:2)
  A cyclops (D:12)
  A merfolk siren (Shoals:2)
  A cane toad (Lair:6)
  A polar bear (Lair:6)
  A hornet (Lair:6)
  A blink frog (Lair:6)
  A spriggan (Lair:6)
  9 yaks
  A water moccasin (Lair:6)
  7 orc warriors
  A black bear (Lair:6)
  A sky beast (D:7)
  2 bullfrogs
  7 scorpions (Ossuary)
  5 wights
  A howler monkey (D:10)
  An electric eel (D:11)
  An iguana (D:6)
  3 scorpion zombies (Ossuary)
  3 mummies (Ossuary)
  3 orcs
  3 gnoll zombies (Ossuary)
  5 goblins
  A hobgoblin (D:4)
  A goblin zombie (Ossuary)
  A hobgoblin zombie (Ossuary)
  2 tentacles (Shoals:3)
74 creatures vanquished.

Vanquished Creatures (others)
  A manticore (Shoals:4)
  An electric eel (D:11)
  13 bushes (Lair:6)
  21 fungi
  39 plants
  9 tentacles
84 creatures vanquished.

Grand Total: 820 creatures vanquished

Notes
Turn   | Place    | Note
-------+----------+-------------------------------------------
     0 | D:1      | 2tc the Hill Orc Monk began the quest for the Orb.
     0 | D:1      | Reached XP level 1. HP: 19/19 MP: 1/1
   312 | D:1      | Reached XP level 2. HP: 26/26 MP: 2/2
   511 | D:1      | Found a faded altar of an unknown god.
   519 | D:1      | Became a worshipper of Makhleb the Destroyer
   519 | D:1      | Reached * piety under Makhleb
   519 | D:1      | Reached ** piety under Makhleb
   569 | D:1      | Reached skill level 5 in Axes
  1298 | D:2      | Reached XP level 3. HP: 22/31 MP: 3/3
  1485 | D:2      | Reached *** piety under Makhleb
  1486 | D:2      | Reached skill level 6 in Axes
  1507 | D:2      | Reached XP level 4. HP: 29/39 MP: 4/4
  1746 | D:2      | Found a stormy altar of Qazlal.
  1911 | D:3      | Reached skill level 7 in Axes
  1911 | D:3      | Reached XP level 5. HP: 34/45 MP: 5/5
  2435 | D:3      | Reached skill level 1 in Invocations
  2767 | D:4      | Found a glowing golden altar of the Shining One.
  2950 | D:4      | Noticed a black bear
  2985 | D:4      | Found a runed translucent gate.
  2985 | D:4      | Found a runed translucent gate.
  2985 | D:4      | Found a runed translucent gate.
  3023 | D:4      | Found a glowing silver altar of Zin.
  3044 | D:4      | Noticed Robin
  3052 | D:4      | Reached **** piety under Makhleb
  3053 | D:4      | Reached skill level 8 in Axes
  3053 | D:4      | Reached XP level 6. HP: 51/51 MP: 6/6
  3069 | D:4      | Killed Robin
  3557 | D:4      | Noticed philipeq's ghost (amateur DsFi)
  3620 | D:4      | Reached skill level 9 in Axes
  3792 | D:4      | Reached XP level 7. HP: 47/57 MP: 7/7
  3913 | D:4      | Found a burning altar of Makhleb.
  4179 | D:5      | Entered Level 5 of the Dungeon
  4234 | D:5      | Reached skill level 10 in Axes
  4406 | D:5      | Found a staircase to the Ecumenical Temple.
  4442 | D:5      | Found a glowing drain.
  4455 | Sewer    | Entered a sewer
  4688 | Sewer    | Found a white marble altar of Elyvilon.
  4893 | D:5      | Found a hide-covered altar of Uskayaw.
  4907 | D:5      | Reached skill level 11 in Axes
  5020 | D:5      | Reached XP level 8. HP: 46/64 MP: 8/8
  5330 | Temple   | Entered the Ecumenical Temple
  5709 | D:5      | Reached skill level 12 in Axes
  6278 | D:6      | Found an iron altar of Okawaru.
  6278 | D:6      | Found a bloodstained altar of Trog.
  6522 | D:6      | Reached skill level 13 in Axes
  6732 | D:6      | Noticed Menkaure
  6748 | D:6      | Killed Menkaure
  7069 | D:6      | Reached skill level 14 in Axes
  7069 | D:6      | Reached XP level 9. HP: 27/70 MP: 8/10
  7649 | D:6      | Found Uqomui's Antique Armour Shop.
  8306 | D:7      | Found a sand-covered staircase.
  8310 | Ossuary  | Entered an ossuary
  8973 | Ossuary  | Identified a scroll of acquirement
  8973 | Ossuary  | Acquired the +1 cloak of the Fife {Dex+7 SInv}
  9101 | Ossuary  | Reached skill level 5 in Dodging
  9539 | D:7      | Reached skill level 5 in Fighting
  9570 | D:7      | Reached XP level 10. HP: 64/83 MP: 13/13
  9784 | D:7      | Reached ***** piety under Makhleb
  9869 | D:7      | Reached skill level 5 in Invocations
 10340 | D:8      | Found a flagged portal.
 10367 | Bailey   | Entered a bailey
 11092 | Bailey   | Noticed an orc knight
 11112 | Bailey   | Killed an orc knight
 11368 | Bailey   | Identified the ring of Enal {Fly rN++ Stlth-}
 12082 | D:8      | Reached skill level 1 in Evocations
 12239 | D:8      | Found a radiant altar of Vehumet.
 12587 | D:8      | Found a runed translucent gate.
 12587 | D:8      | Found a runed translucent gate.
 12587 | D:8      | Found a runed translucent gate.
 12587 | D:8      | Noticed Pagrax's ghost (novice MiBe)
 12589 | D:8      | Found a basalt altar of Yredelemnul.
 13212 | D:9      | Noticed a kobold demonologist
 13229 | D:9      | Killed a kobold demonologist
 13319 | D:9      | Noticed Erica
 13325 | D:9      | Killed Erica
 13628 | D:9      | Reached skill level 15 in Axes
 13628 | D:9      | Reached XP level 11. HP: 89/89 MP: 17/17
 13846 | D:9      | Found a sparkling altar of Nemelex Xobeh.
 13846 | D:9      | Found a broken altar of Ashenzari.
 13848 | D:9      | Noticed a two-headed ogre
 13874 | D:9      | Killed a two-headed ogre
 14113 | D:10     | Entered Level 10 of the Dungeon
 14233 | D:10     | Noticed a two-headed ogre
 14244 | D:10     | Reached skill level 16 in Axes
 14251 | D:10     | Killed a two-headed ogre
 14481 | D:10     | Noticed a two-headed ogre
 14489 | D:10     | Killed a two-headed ogre
 14592 | D:10     | Noticed Joseph
 14609 | D:10     | Killed Joseph
 14609 | D:10     | Noticed Erolcha
 14619 | D:10     | Killed Erolcha
 14620 | D:10     | Reached skill level 10 in Invocations
 14632 | D:10     | Noticed Josephine
 14635 | D:10     | Reached skill level 5 in Evocations
 14641 | D:10     | Killed Josephine
 14838 | D:10     | Identified the ring of Kypsis {Int+4 Dex+6}
 14872 | D:10     | Found a white marble altar of Elyvilon.
 14879 | D:10     | Found an opulent altar of Gozag.
 15228 | D:10     | Found an ancient bone altar of Kikubaaqudgha.
 15417 | D:11     | Reached XP level 12. HP: 94/103 MP: 19/19
 15801 | D:11     | Found a shimmering blue altar of Sif Muna.
 15819 | D:11     | Identified Sif Muna's Volume of Unholy Rituals
 15929 | D:11     | Noticed a six-headed hydra
 15941 | D:11     | Killed a six-headed hydra
 15942 | D:11     | Reached skill level 10 in Fighting
 16076 | D:11     | Found a staircase to the Lair.
 16460 | D:12     | Noticed a six-headed hydra
 16469 | D:12     | Killed a six-headed hydra
 16646 | D:12     | Noticed a deep elf knight
 16763 | D:12     | Killed a deep elf knight
 16975 | D:12     | Reached skill level 1 in Shields
 17132 | D:12     | Reached skill level 1 in Spellcasting
 17193 | D:12     | Noticed a centaur warrior
 17202 | D:12     | Killed a centaur warrior
 17765 | D:12     | Reached XP level 13. HP: 113/113 MP: 20/20
 18125 | D:12     | Identified the +0 helmet of Keveamaph {Str+2}
 18142 | D:12     | Found a staircase to the Orcish Mines.
 18765 | Lair:1   | Entered Level 1 of the Lair of Beasts
 19175 | Lair:1   | Reached skill level 10 in Dodging
 20055 | Lair:2   | Found a hide-covered altar of Uskayaw.
 20847 | Lair:3   | Reached skill level 10 in Evocations
 20853 | Lair:3   | Found a staircase to the Shoals.
 21250 | Lair:4   | Found a staircase to the Snake Pit.
 21299 | Lair:4   | Reached XP level 14. HP: 89/122 MP: 14/21
 21690 | Lair:4   | Identified the +5 short sword of War {vamp, rC- rCorr
                  | Dex+10}
 22262 | Lair:5   | Reached ****** piety under Makhleb
 22723 | Lair:5   | Acquired the +7 broad axe of Voykhlip {vorpal, rC+ SInv
                  | Stlth+}
 23512 | Lair:6   | Entered Level 6 of the Lair of Beasts
 24010 | Lair:6   | Reached skill level 17 in Axes
 24701 | Lair:6   | Reached skill level 18 in Axes
 24836 | Lair:6   | Reached XP level 15. HP: 136/136 MP: 23/23
 25127 | Lair:6   | Found a runed translucent door.
 25127 | Lair:6   | Found a viscous altar of Jiyva.
 25131 | Lair:6   | Found a staircase to the Slime Pits.
 25325 | Shoals:1 | Entered Level 1 of the Shoals
 25362 | Shoals:1 | Identified the +8 morningstar "Mokoryal" {freeze, rCorr
                  | Str+4}
 25953 | Shoals:1 | Noticed Frances
 26240 | Shoals:1 | Noticed Donald
 26257 | Shoals:1 | Killed Donald
 26445 | Shoals:1 | Killed Frances
 27243 | Shoals:2 | Reached skill level 15 in Invocations
 27331 | Shoals:2 | Noticed a kraken
 27357 | Shoals:2 | Killed a kraken
 28738 | Shoals:3 | Found Siatok's Book Emporium.
 28787 | Shoals:3 | Reached XP level 16. HP: 138/146 MP: 28/28
 29333 | Shoals:3 | Noticed a kraken
 29337 | Shoals:3 | Noticed Polyphemus
 29365 | Shoals:3 | Killed Polyphemus
 29374 | Shoals:3 | Killed a kraken
 29662 | Shoals:3 | Found the +8 orange crystal plate armour {Archmagi, Int+3
                  | Clar}
 29948 | Shoals:4 | Entered Level 4 of the Shoals
 30102 | Shoals:4 | Found Ycwihexu's Armour Emporium.
 30261 | Shoals:4 | Found Lituqux's Jewellery Shop.
 30261 | Shoals:4 | Noticed Ilsuiw
 30323 | Shoals:4 | Hit by a javelin thrown by a merfolk javelineer

Illustrated notes

Levels and vault maps discovered:
D:1:      dpeg_arrival_tiny_c, layout_basic, serial_glass, glass_columns_a,
          glass_columns_c, glass_columns_a, hellmonk_ecumenical_altar_zigzags
D:2:      layout_rooms, basic_altar, cheibrodos_gnoll_hut
D:3:      layout_basic
D:4:      kennysheep_six_static_rooms, layout_basic, general_overflow_altar,
          lemuel_doored_altar, tso_altar, gammafunk_ghost_icy,
          kennysheep_generic_room_13, uniq_robin
D:5:      layout_basic, nicolae_uskayaw_murder_on_the_dancefloor,
          minmay_temple_entry_trees, gup_sewer_entry_pipe, eino_tiny_chamber,
          amcnicky_mini_rare_corridor_liquid
D:6:      layout_basic, grunt_temple_overflow_bloody_war, serial_shops, shop,
          uniq_menkaure
D:7:      layout_basic, enter_ossuary_5, minivault_22, amcnicky_mini_pool_medium
D:8:      layout_basic, nicolae_vehumet_radiance,
          nicolae_yredelemnul_ghost_church, enter_bailey_5
D:9:      layout_long_grid, jmf_multi_god_temple, uniq_erica
D:10:     layout_basic, lemuel_coloured_pillars_altar,
          amethyst_overflow_temple_binary, uniq_josephine, uniq_erolcha,
          uniq_joseph
D:11:     layout_gridville, erik_lair_island, led_sif_book
D:12:     minmay_angry_zag, layout_loops_ring, erik_orc_1, minivault_20
D:13:     layout_grid_maze
Temple:   compressed_dpeg_triangle_lava_temple
Lair:1:   layout_gridlike
Lair:2:   layout_roguey [special_room_bee], basic_altar
Lair:3:   layout_loops_ring, minmay_shoals_entry_lonely_mermaid
Lair:4:   layout_hall_layers, guppyfry_snake_entry_island
Lair:5:   layout_cave_pods, wad_woods_river_04, wad_woods_03
Lair:6:   minmay_lair_end_enchanted_forest, layout_misc_corridors,
          slime_altar_2, minmay_hedge_maze, kennysheep_basilisk_garden,
          grunt_megastairs_5
Shoals:1: layout_shoals, uniq_frances, uniq_donald
Shoals:2: layout_shoals
Shoals:3: layout_shoals, serial_shops, shop_statue, uniq_polyphemus
Shoals:4: shoals_end_grunt_ice, layout_shoals, shoal_ilsuiw,
          gammafunk_ghost_grave, serial_shops, nicolae_shop_trees,
          nicolae_shop_waterfront, shop, shop, uniq_louise

Skill      XL: |  1  2  3  4  5  6  7  8  9 10 11 12 13 14 15 16 |
---------------+-------------------------------------------------+-----
Axes           | 5 6 7 8 9 11 14 15 16 18 | 18.0
Invocations    | 1 2 4 8 10 11 16 | 16.0
Armour         | 2 4 |  4.0
Dodging        | 6 8 10 12 | 12.4
Fighting       | 5 6 8 10 13 14 | 14.0
Evocations     | 4 6 10 | 10.0
Shields        | 4 |  4.0
Spellcasting   | 3 4 |  4.0
Stealth        | |  1.5

Action                   |  1- 3 |  4- 6 |  7- 9 | 10-12 | 13-15 | 16-18 || total
-------------------------+-------+-------+-------+-------+-------+-------++-------
Melee: Hand axe          |   108 |   252 |   546 |   239 |       |       ||  1145
       War axe           |       |       |       |   371 |   593 |       ||   964
       Mace              |       |       |       |     6 |    21 |       ||    27
       Broad axe         |       |       |       |       |   553 |   153 ||   706
Invok: Minor Destruction |       |     4 |    15 |    44 |    56 |    13 ||   132
       Lesser Servant of |       |     1 |     9 |    18 |     1 |       ||    29
       Greater Servant o |       |       |       |       |     4 |     1 ||     5
Evoke: Wand              |       |       |       |    31 |    17 |     3 ||    51
       Phial of floods   |       |       |       |       |     1 |     1 ||     2
       Phantom mirror    |       |       |       |       |       |     1 ||     1
       Tin of tremorston |       |       |       |       |       |     1 ||     1
  Use: Scroll            |     6 |     8 |     7 |     4 |     5 |     5 ||    35
       Potion            |     1 |       |     8 |     4 |     7 |     7 ||    27
 Stab: Sleeping          |     1 |     3 |     4 |     6 |     4 |     1 ||    19
       Distracted        |       |       |     3 |     6 |     6 |     1 ||    16
       Invisible         |       |       |       |     1 |       |       ||     1
       Paralysed         |       |       |       |     2 |       |       ||     2
       Confused          |       |       |       |       |     1 |       ||     1
       Petrified         |       |       |       |       |       |    11 ||    11
Armor: Leather armour    |    32 |    54 |    84 |       |       |       ||   170
       Robe              |     1 |       |       |       |       |       ||     1
       Steam dragon scal |       |       |    62 |   183 |   185 |    27 ||   457
Dodge: Dodged            |    98 |   113 |   250 |   446 |   733 |   114 ||  1754
Block: Buckler           |       |       |       |     7 |   517 |   104 ||   628
       Reflection        |       |       |       |       |    22 |    10 ||    32

Table legend: (Time is in decaauts)
 A = Elapsed time spent in this place.
 B = Non-inter-level travel time spent in this place.
 C = Inter-level travel time spent in this place.
 D = Time resting spent in this place.
 E = Time spent auto-exploring this place.
 F = Levels seen in this place.
 G = Mean time per level.
                   A        B        C        D        E       F      G
               +--------+--------+--------+--------+--------+-----+--------+
         Total |  29506 |  28641 |    865 |   7647 |  15376 |  27 | 1092.8 |
       Dungeon |  15260 |  14831 |    429 |   3505 |   8523 |  13 | 1173.8 |
        Temple |    322 |    306 |     16 |      0 |    306 |   1 |  322.0 |
          Lair |   6310 |   5968 |    342 |    897 |   3853 |   6 | 1051.7 |
        Shoals |   4821 |   4743 |     78 |   1707 |   2114 |   4 | 1205.2 |
         Sewer |    309 |    309 |      0 |     80 |    150 |   1 |  309.0 |
       Ossuary |    883 |    883 |      0 |    470 |    137 |   1 |  883.0 |
        Bailey |   1598 |   1598 |      0 |    988 |    291 |   1 | 1598.0 |
               +--------+--------+--------+--------+--------+-----+--------+

Top non-repeatable levels by time:
    D:12: 2152 daAuts
     D:6: 2137 daAuts
Shoals:2: 1820 daAuts
  Lair:6: 1623 daAuts
  Bailey: 1598 daAuts
  Lair:5: 1523 daAuts
Shoals:1: 1480 daAuts
     D:4: 1451 daAuts
     D:8: 1397 daAuts
     D:5: 1222 daAuts
     D:1: 1214 daAuts
Shoals:3: 1180 daAuts
    D:11: 1126 daAuts
  Lair:1: 1078 daAuts
    D:10: 1028 daAuts
